[ AOE2 MATCH · #506189423 ]
UnrankedItalians vs Poles
Player's team · WIN
Rival team · LOSS
[ REPLAY ANALYSIS · EXTRACTED FROM THE RECORDED GAME ]
Feudal
10:19
Castle
18:24
Imperial
27:40
| APM avg | 60.8 |
| APM peak | 109 |
| eAPM avg | 41.0 |
| Villagers / military | 264 / 277 |
Focus
⚔️ 41.0% · 🌾 59.0%
Spearman ×157 · Hand Cannoneer ×66 · Bombard Cannon ×19 · Knight ×14 · Monk ×5 · Mangonel ×5
Feudal
9:47
Castle
21:27
Imperial
—
| APM avg | 33.0 |
| APM peak | 68 |
| eAPM avg | 22.0 |
| Villagers / military | 108 / 297 |
Focus
⚔️ 47.4% · 🌾 52.6%
Knight ×194 · Scout Cavalry ×30 · Archer ×25 · Petard ×23 · Battering Ram ×16 · Obuch ×7
Match map
Initial resources + every placement click. Lines = walls · curves = elevation contours. ◆ gold · ⬟ stone · ● berries · ✦ relic · ◌ wall gap
Your base· ✓ Closed at 18:24 · 9t walls · 2 gate(s)
[Los Sanguinarios] Daro087's base· ✓ Closed at 21:27 · 5t walls · 3 gate(s)
Smoothed initial terrain · ◌ = detected wall gap · hover for details
Inputs per minute
— Melo - - [Los Sanguinarios] Daro087
Build order — Melo
First 150 of 835 actions detected
| 0:01 | Queue | Villager (Male) ×4 |
| 0:02 | Build | House |
| 0:03 | Build | House |
| 1:25 | Queue | Villager (Male) |
| 1:25 | Queue | Villager (Male) |
| 2:05 | Queue | Villager (Male) |
| 2:26 | Queue | Villager (Male) |
| 2:26 | Queue | Villager (Male) |
| 2:57 | Queue | Villager (Male) |
| 2:57 | Queue | Villager (Male) |
| 3:25 | Queue | Villager (Male) |
| 3:25 | Queue | Villager (Male) |
| 3:35 | Build | Lumber Camp |
| 3:49 | Queue | Villager (Male) |
| 3:58 | Build | House |
| 4:03 | Queue | Villager (Male) |
| 4:04 | Queue | Villager (Male) |
| 4:04 | Queue | Villager (Male) |
| 4:04 | Queue | Villager (Male) |
| 4:35 | Build | House |
| 4:50 | Queue | Villager (Male) |
| 5:04 | Queue | Villager (Male) |
| 5:08 | Queue | Villager (Male) |
| 5:35 | Build | Mill |
| 5:56 | Queue | Villager (Male) |
| 5:57 | Queue | Villager (Male) |
| 6:22 | Queue | Villager (Male) |
| 6:34 | Build | Farm |
| 6:35 | Build | Farm |
| 6:42 | Queue | Villager (Male) |
| 7:34 | Build | Mining Camp |
| 7:49 | Build | House |
| 8:09 | Research | Feudal Age |
| 9:10 | Research | Loom |
| 9:11 | Queue | Villager (Male) |
| 10:19 | Age | Feudal Age |
| 10:22 | Build | Stone Wall |
| 10:26 | Build | Market |
| 10:29 | Build | Blacksmith |
| 10:30 | Queue | Villager (Male) |
| 10:33 | Build | Stone Wall |
| 10:45 | Queue | Villager (Male) |
| 10:48 | Queue | Villager (Male) |
| 10:55 | Build | Mining Camp |
| 11:11 | Queue | Villager (Male) |
| 11:18 | Build | Watch Tower |
| 11:32 | Build | Watch Tower |
| 11:36 | Queue | Villager (Male) |
| 11:38 | Queue | Villager (Male) |
| 11:41 | Build | Farm |
| 11:53 | Research | Fletching |
| 11:53 | Research | Fletching |
| 12:18 | Build | Farm |
| 12:21 | Research | Double-Bit Axe |
| 12:21 | Research | Double-Bit Axe |
| 12:23 | Build | Farm |
| 12:30 | Queue | Villager (Male) |
| 12:41 | Queue | Villager (Male) |
| 12:44 | Build | House |
| 12:50 | Queue | Villager (Male) |
| 12:52 | Build | Farm |
| 13:10 | Queue | Villager (Male) |
| 13:23 | Queue | Villager (Male) |
| 13:25 | Build | Farm |
| 13:42 | Queue | Villager (Male) |
| 13:42 | Queue | Villager (Male) |
| 13:43 | Queue | Villager (Male) |
| 13:43 | Queue | Villager (Male) |
| 13:50 | Research | Loom |
| 13:50 | Research | Loom |
| 13:58 | Queue | Villager (Male) |
| 14:00 | Build | Farm |
| 14:03 | Build | Farm |
| 14:07 | Build | Farm |
| 14:14 | Queue | Villager (Male) |
| 14:44 | Queue | Villager (Male) |
| 14:50 | Build | Farm |
| 14:54 | Build | Farm |
| 15:27 | Queue | Villager (Male) |
| 15:30 | Build | Farm |
| 15:31 | Build | Farm |
| 15:33 | Build | House |
| 15:44 | Research | Castle Age |
| 15:44 | Research | Castle Age |
| 16:13 | Queue | Villager (Male) |
| 16:15 | Queue | Villager (Male) |
| 17:23 | Build | House |
| 17:24 | Build | House |
| 17:26 | Research | Horse Collar |
| 17:26 | Research | Horse Collar |
| 17:26 | Research | Gold Mining |
| 17:26 | Research | Gold Mining |
| 18:24 | Age | Castle Age |
| 18:28 | Build | Castle |
| 18:35 | Research | Bow Saw |
| 18:53 | Build | Farm |
| 19:15 | Queue | Villager (Male) |
| 19:37 | Queue | Villager (Male) |
| 19:38 | Build | Monastery |
| 19:42 | Build | House |
| 19:43 | Build | House |
| 19:46 | Queue | Villager (Male) |
| 19:51 | Queue | Villager (Male) |
| 20:24 | Queue | Villager (Male) |
| 20:26 | Build | Town Center |
| 20:35 | Queue | Genoese Crossbowman |
| 20:45 | Queue | Genoese Crossbowman |
| 20:46 | Queue | Villager (Male) |
| 20:49 | Queue | Monk |
| 20:49 | Queue | Monk |
| 20:57 | Queue | Villager (Male) |
| 21:19 | Queue | Villager (Male) |
| 21:27 | Build | Town Center |
| 21:28 | Queue | Villager (Male) |
| 21:35 | Queue | Genoese Crossbowman |
| 21:35 | Queue | Genoese Crossbowman |
| 21:50 | Queue | Villager (Male) |
| 21:55 | Queue | Villager (Male) |
| 22:12 | Queue | Villager (Male) |
| 22:15 | Build | Farm |
| 22:17 | Build | Farm |
| 22:19 | Build | Farm |
| 22:29 | Build | Farm |
| 22:35 | Queue | Villager (Male) |
| 23:30 | Queue | Villager (Male) |
| 23:32 | Queue | Villager (Male) |
| 24:30 | Research | Imperial Age |
| 24:30 | Research | Imperial Age |
| 24:32 | Build | Farm |
| 24:34 | Build | Farm |
| 24:34 | Build | Farm |
| 24:34 | Build | Farm |
| 24:35 | Queue | Villager (Male) |
| 24:37 | Queue | Villager (Male) |
| 24:37 | Queue | Villager (Male) |
| 24:38 | Queue | Villager (Male) |
| 24:38 | Queue | Villager (Male) |
| 24:50 | Build | Farm |
| 25:02 | Build | University |
| 25:03 | Queue | Villager (Male) |
| 25:03 | Queue | Villager (Male) |
| 25:09 | Queue | Villager (Male) |
| 25:09 | Queue | Villager (Male) |
| 25:15 | Queue | Villager (Male) |
| 25:28 | Queue | Villager (Male) |
| 25:31 | Build | House |
| 25:33 | Queue | Villager (Male) |
| 25:34 | Build | Farm |
| 25:36 | Build | Farm |
| 25:37 | Build | Farm |
Build order — [Los Sanguinarios] Daro087
First 150 of 540 actions detected
| 0:00 | Queue | Villager (Male) |
| 0:01 | Queue | Villager (Male) |
| 0:01 | Queue | Villager (Male) |
| 0:02 | Build | House |
| 0:04 | Build | House |
| 0:39 | Build | House |
| 0:49 | Queue | Villager (Male) |
| 0:50 | Queue | Villager (Male) |
| 1:41 | Queue | Villager (Male) |
| 1:41 | Queue | Villager (Male) |
| 2:04 | Queue | Villager (Male) |
| 2:04 | Queue | Villager (Male) |
| 2:21 | Queue | Villager (Male) |
| 2:21 | Queue | Villager (Male) |
| 2:35 | Build | Lumber Camp |
| 2:42 | Queue | Villager (Male) |
| 2:42 | Queue | Villager (Male) |
| 3:09 | Queue | Villager (Male) |
| 3:09 | Queue | Villager (Male) |
| 3:09 | Queue | Villager (Male) |
| 3:10 | Queue | Villager (Male) |
| 3:24 | Queue | Villager (Male) |
| 3:24 | Queue | Villager (Male) |
| 3:54 | Queue | Villager (Male) |
| 3:54 | Queue | Villager (Male) |
| 4:23 | Queue | Villager (Male) |
| 4:23 | Queue | Villager (Male) |
| 4:37 | Queue | Villager (Male) |
| 5:05 | Build | Mill |
| 5:51 | Queue | Villager (Male) |
| 6:04 | Queue | Villager (Male) |
| 6:21 | Build | Mining Camp |
| 6:23 | Research | Loom |
| 7:12 | Queue | Villager (Male) |
| 7:36 | Research | Feudal Age |
| 7:54 | Build | House |
| 8:13 | Queue | Villager (Male) |
| 8:13 | Queue | Villager (Male) |
| 9:17 | Queue | Villager (Male) |
| 9:47 | Age | Feudal Age |
| 9:50 | Build | Watch Tower |
| 9:52 | Build | Palisade Wall |
| 9:53 | Build | Palisade Wall |
| 9:54 | Build | Palisade Wall |
| 9:58 | Build | Palisade Wall |
| 10:00 | Build | Palisade Wall |
| 10:04 | Research | Town Watch |
| 10:06 | Research | Double-Bit Axe |
| 10:22 | Build | Farm |
| 10:30 | Build | Blacksmith |
| 10:40 | Research | Horse Collar |
| 10:54 | Queue | Villager (Male) |
| 11:16 | Queue | Villager (Male) |
| 11:24 | Queue | Villager (Male) |
| 11:36 | Build | Watch Tower |
| 11:52 | Research | Fletching |
| 11:52 | Research | Fletching |
| 11:59 | Build | Farm |
| 12:32 | Queue | Villager (Male) |
| 12:35 | Build | Farm |
| 12:46 | Build | Farm |
| 13:08 | Queue | Villager (Male) |
| 13:25 | Build | House |
| 13:51 | Queue | Villager (Male) |
| 13:51 | Queue | Villager (Male) |
| 13:54 | Build | Farm |
| 13:56 | Build | Farm |
| 14:01 | Build | Market |
| 14:45 | Queue | Villager (Male) |
| 14:46 | Queue | Villager (Male) |
| 14:52 | Build | Mill |
| 14:53 | Queue | Villager (Male) |
| 14:56 | Build | House |
| 15:29 | Queue | Villager (Male) |
| 16:09 | Queue | Villager (Male) |
| 16:09 | Queue | Villager (Male) |
| 16:12 | Build | Farm |
| 16:12 | Build | Farm |
| 16:12 | Build | Farm |
| 16:16 | Build | Farm |
| 16:16 | Build | Farm |
| 16:53 | Queue | Villager (Male) |
| 16:53 | Queue | Villager (Male) |
| 16:59 | Build | House |
| 17:13 | Build | Farm |
| 17:14 | Build | Farm |
| 17:15 | Build | Farm |
| 17:16 | Build | Farm |
| 17:36 | Build | Mining Camp |
| 18:02 | Build | Watch Tower |
| 18:08 | Build | Farm |
| 18:10 | Queue | Villager (Male) |
| 18:47 | Research | Castle Age |
| 19:25 | Build | Mining Camp |
| 19:42 | Build | Barracks |
| 19:44 | Build | House |
| 20:04 | Research | Padded Archer Armor |
| 20:40 | Queue | Villager (Male) |
| 20:40 | Queue | Villager (Male) |
| 20:41 | Queue | Villager (Male) |
| 20:48 | Research | Gold Mining |
| 20:52 | Build | Lumber Camp |
| 21:00 | Build | Archery Range |
| 21:25 | Queue | Villager (Male) |
| 21:27 | Age | Castle Age |
| 21:29 | Research | Bow Saw |
| 21:47 | Research | Bodkin Arrow |
| 21:53 | Research | Crossbowman (upgrade) |
| 22:02 | Build | Castle |
| 22:21 | Queue | Archer |
| 22:22 | Queue | Archer |
| 22:22 | Queue | Archer |
| 22:32 | Queue | Villager (Male) |
| 22:54 | Build | Mining Camp |
| 22:57 | Queue | Archer |
| 22:58 | Queue | Archer |
| 23:11 | Build | Siege Workshop |
| 23:15 | Queue | Petard |
| 23:15 | Queue | Petard |
| 23:22 | Queue | Petard |
| 23:43 | Queue | Villager (Male) |
| 23:44 | Queue | Villager (Male) |
| 23:50 | Queue | Petard |
| 23:51 | Queue | Petard |
| 24:30 | Queue | Archer |
| 24:30 | Queue | Archer |
| 24:31 | Queue | Archer |
| 24:32 | Queue | Battering Ram |
| 24:33 | Queue | Battering Ram |
| 24:33 | Queue | Battering Ram |
| 24:40 | Build | House |
| 24:41 | Queue | Archer |
| 24:46 | Research | Forging |
| 24:46 | Queue | Villager (Male) |
| 24:47 | Queue | Villager (Male) |
| 24:47 | Queue | Villager (Male) |
| 24:56 | Build | Stable |
| 25:15 | Build | House |
| 25:23 | Queue | Archer |
| 25:27 | Queue | Battering Ram |
| 25:28 | Queue | Battering Ram |
| 25:51 | Queue | Villager (Male) |
| 25:58 | Queue | Battering Ram |
| 26:01 | Queue | Petard |
| 26:11 | Build | House |
| 26:15 | Build | Farm |
| 26:23 | Build | Farm |
| 26:23 | Build | Farm |
| 26:27 | Queue | Scout Cavalry |
| 26:27 | Queue | Scout Cavalry |
Match timeline
| 9:47 | [Los Sanguinarios] Daro087 · age_up feudal |
| 9:52 | [Los Sanguinarios] Daro087 · wall_segment Palisade Wall x1 |
| 9:53 | [Los Sanguinarios] Daro087 · wall_segment Palisade Wall x1 |
| 9:54 | [Los Sanguinarios] Daro087 · wall_segment Palisade Wall x1 |
| 9:58 | [Los Sanguinarios] Daro087 · wall_segment Palisade Wall x1 |
| 10:00 | [Los Sanguinarios] Daro087 · wall_segment Palisade Wall x1 |
| 10:19 | Melo · age_up feudal |
| 10:22 | Melo · wall_segment Stone Wall x5 |
| 10:33 | Melo · wall_segment Stone Wall x4 |
| 18:03 | Melo · first_market_sell 100 food |
| 18:04 | Melo · first_market_buy 100 stone |
| 18:24 | Melo · age_up castle |
| 18:28 | Melo · first_building Castle |
| 19:38 | Melo · first_building Monastery |
| 19:42 | [Los Sanguinarios] Daro087 · first_building Barracks |
| 21:00 | [Los Sanguinarios] Daro087 · first_building Archery Range |
| 21:27 | [Los Sanguinarios] Daro087 · age_up castle |
| 22:02 | [Los Sanguinarios] Daro087 · first_building Castle |
| 23:11 | [Los Sanguinarios] Daro087 · first_building Siege Workshop |
| 24:56 | [Los Sanguinarios] Daro087 · first_building Stable |
| 26:07 | Melo · first_building Siege Workshop |
| 27:17 | Melo · wall_segment Stone Wall x1 |
| 27:19 | Melo · wall_segment Stone Wall x1 |
| 27:23 | Melo · wall_segment Stone Wall x1 |
| 27:27 | Melo · wall_segment Stone Wall x2 |
| 27:29 | Melo · wall_segment Stone Wall x1 |
| 27:40 | Melo · age_up imperial |
| 28:14 | Melo · wall_segment Stone Wall x1 |
| 28:16 | Melo · wall_segment Stone Wall x1 |
| 28:20 | Melo · wall_segment Stone Wall x1 |
| 29:36 | [Los Sanguinarios] Daro087 · first_market_buy 100 stone |
| 30:49 | [Los Sanguinarios] Daro087 · first_market_sell 100 wood |
| 32:02 | Melo · wall_segment Palisade Wall x6 |
| 32:46 | Melo · wall_segment Palisade Wall x1 |
| 34:10 | Melo · first_building Barracks |
| 35:37 | Melo · wall_segment Palisade Wall x1 |
| 35:39 | Melo · wall_segment Palisade Wall x1 |
| 36:09 | Melo · wall_segment Palisade Wall x1 |
| 36:11 | Melo · wall_segment Palisade Wall x1 |
| 36:55 | Melo · wall_segment Palisade Wall x1 |
| 43:22 | Melo · wall_segment Stone Wall x5 |
| 46:09 | Melo · first_building Archery Range |
| 48:04 | Melo · wall_segment Stone Wall x18 |
| 57:02 | Melo · first_building Stable |
| 60:19 | [Los Sanguinarios] Daro087 · resign |
[ AI ANALYSIS · 1 CREDIT ]
What really happened in this match?
Wolo.gg analyzes every decision: build order, eco, micro, common mistakes by bracket. Personalized analysis on WhatsApp or Discord in 30 seconds.
Civ guide
Italians
Perfil
Melo